 Dungeon Crawl Stone Soup version 0.25.1-2-g60ff931df9 (webtiles) character file.

Game seed: 9568917694660104279

4408 funkygono the Basher (level 10, -18/86 HPs)
             Began as a Minotaur Fighter on Oct 28, 2020.
             Was a Follower of Okawaru.
             Demolished by an orc knight
             ... wielding a +0 war axe
              (30 damage)
             ... in a bailey.
             The game lasted 00:18:55 (8164 turns).

funkygono the Basher (Minotaur Fighter)             Turns: 8164, Time: 00:18:56

Health: -18/86     AC: 12    Str: 29    XL:     10   Next: 14%
Magic:  0/9        EV:  9    Int:  5    God:    Okawaru [*.....]
Gold:   460        SH: 12    Dex: 11    Spells: 9/9 levels left

rFire    . . .     SeeInvis +   t - +4 whip
rCold    . . .     Gourm    .   c - +0 kite shield
rNeg     . . .     Faith    .   p - +0 chain mail
rPois    .         Spirit   +   (helmet restricted)
rElec    .         Reflect  .   (no cloak)
rCorr    .         Harm     .   C - +0 pair of gloves
MR       .....                  (no boots)
Stlth    ..........             l - amulet of guardian spirit
HPRegen  0.24/turn              k - +6 ring of strength
MPRegen  0.11/turn              g - ring of see invisible

@: no status effects
A: retaliatory headbutt, horns 2
a: Heroism, Renounce Religion


You were in a bailey.
You worshipped Okawaru.
Okawaru was aware of your devotion.
You were not hungry.

You visited 2 branches of the dungeon, and saw 9 of its levels.
You also visited: Sewer and Bailey.

You collected 460 gold pieces.

Inventory:

Hand Weapons
 a - a +3 flail
 t - a +4 whip (weapon)
 D - a +0 shortbow
 E - a +2 quarterstaff of protection
 H - a +1 vorpal morningstar
 I - a +0 mace of protection
Missiles
 h - 61 arrows
 i - 225 stones (quivered)
 u - 14 bolts
 A - 34 sling bullets
Armour
 c - a +0 kite shield (worn)
 p - a +0 chain mail (worn)
 v - a +0 ring mail of fire resistance
 C - a +0 pair of gloves (worn)
Jewellery
 g - a ring of see invisible (right hand)
 k - a +6 ring of strength (left hand)
 l - an amulet of guardian spirit (around neck)
 B - an uncursed ring of ice
 G - an uncursed ring of fire
Wands
 x - a wand of acid (17)
 z - a wand of flame (6)
Scrolls
 m - 6 scrolls of remove curse
 o - a scroll of fear
 r - 4 scrolls of teleportation
 y - a scroll of amnesia {unknown}
 J - a scroll of enchant weapon
Potions
 b - 4 potions of flight
 d - 2 potions of might
 e - 2 potions of lignification
 j - 3 potions of brilliance
 n - a potion of curing
 q - a potion of heal wounds
 s - a potion of magic
 w - 2 potions of ambrosia
 F - a potion of mutation
Comestibles
 f - 17 rations


   Skills:
 + Level 7.4 Fighting
 + Level 10.9 Maces & Flails
 + Level 9.1 Armour
 + Level 3.5 Dodging
 + Level 9.1 Shields


You had 9 spell levels left.
You didn't know any spells.
Your spell library was empty.

Dungeon Overview and Level Annotations

Branches:
Dungeon (8/15)             Temple (1/1) D:7            Lair (0/6) D:8
  Sewer (visited)          Bailey (1/1)

Altars:
Ashenzari
Cheibriados
Dithmenos
Elyvilon
Gozag
Hepliaklqana
Kikubaaqudgha
Makhleb
Nemelex Xobeh
Okawaru
Qazlal
Ru
Sif Muna
Trog
Uskayaw
Vehumet
Wu Jian
Xom
Zin
The Shining One

Annotations:
D:7 2 transporters, plantmann's ghost, novice MfGl


Innate Abilities, Weirdness & Mutations

You reflexively headbutt those who attack you in melee.
You have a pair of horns on your head.


Message History

The orc knight hits you with a +0 war axe.
You block the orc knight's attack.
You miss the orc knight. You headbutt the orc knight!
The orc knight is heavily wounded.
You hit the orc knight but do no damage.
The orc knight is heavily wounded.
The orc knight hits you with a +0 war axe!!
You block the hobgoblin's attack.
The orc knight hits you with a +0 war axe!!
You closely miss the orc knight.
You headbutt the orc knight, but do no damage.
The orc knight is heavily wounded.
You whack the orc knight! Your headbutt misses the orc knight.
The orc knight is severely wounded.
You block the hobgoblin's attack.
The orc knight hits you with a +0 war axe!
The orc knight hits you with a +0 war axe!!
* * * LOW HITPOINT WARNING * * *
The orc knight hits you with a +0 war axe!!
You die...

### ##..# #...
#############.###########
####.......().)(.(....(....#
##.......(.o@#########.......
##.........#g## ######..
#.))..⌠....#Ko# .
##()(....###..#
#######.(...'.#..##
≈≈≈≈≈#..)...###...^
≈≈≈≈≈≈≈≈(.....#..####+####
###≈≈≈≈≈≈≈≈≈..####.......# ##
###....≈≈≈≈≈≈≈K#.gg....#K≈≈


You could see an orc knight (strong), a hobgoblin and a kobold.

Vanquished Creatures
  A human (D:7)
  4 hogs (D:7)
  2 wargs (D:8)
  Menkaure (D:5)
  An ice beast (D:5)
  5 orc warriors
  Duvessa (D:4)
  A sky beast (D:7)
  A phantom (D:8)
  2 centaurs
  An ogre (D:7)
  A crocodile (D:7)
  3 bullfrogs
  A gnoll sergeant (D:7)
  Dowan (D:4)
  A scorpion (D:7)
  5 killer bees (D:5)
  A centaur zombie (D:8)
  A bullfrog zombie (D:8)
  A crimson imp (D:6)
  2 jellies
  9 orc wizards
  A centaur skeleton (D:5)
  6 hounds
  8 orc priests
  An iguana (D:7)
  5 worker ants
  2 hound skeletons
  A worker ant zombie (D:5)
  21 gnolls
  A howler monkey skeleton (D:6)
  14 adders
  2 river rats (D:3)
  2 shadow imps (D:6)
  3 adder skeletons
  9 worms
  3 leopard geckos
  23 orcs
  6 ball pythons
  8 bats
  5 giant cockroaches
  9 goblins
  10 hobgoblins
  12 jackals
  22 kobolds
  A quokka (D:2)
  A ball python skeleton (D:4)
  5 frilled lizards
  A jackal skeleton (D:6)
  A leopard gecko zombie (D:5)
  A quokka skeleton (D:5)
  18 rats
  3 plants (Sewer)
251 creatures vanquished.

Notes
Turn   | Place    | Note
-------+----------+-------------------------------------------
     0 | D:1      | funkygono the Minotaur Fighter began the quest for the Orb.
     0 | D:1      | Reached XP level 1. HP: 19/19 MP: 0/0
   164 | D:1      | Reached XP level 2. HP: 27/27 MP: 1/1
   661 | D:1      | Reached XP level 3. HP: 32/33 MP: 2/2
   880 | D:2      | Found a bloodstained altar of Trog.
   896 | D:2      | Reached skill level 3 in Maces & Flails
  1063 | D:2      | Found a faded altar of an unknown god.
  1153 | D:2      | Found a sparkling altar of Nemelex Xobeh.
  1577 | D:3      | Reached XP level 4. HP: 40/40 MP: 3/3
  1758 | D:3      | Reached skill level 1 in Dodging
  1895 | D:3      | Found a glowing drain.
  2020 | Sewer    | Entered a sewer
  2055 | Sewer    | Reached XP level 5. HP: 46/46 MP: 4/4
  2290 | Sewer    | Reached skill level 4 in Maces & Flails
  2768 | D:3      | Reached skill level 5 in Shields
  2951 | D:3      | Found a sparkling altar of Nemelex Xobeh.
  3272 | D:4      | Found a hazy altar of Hepliaklqana.
  3294 | D:4      | Reached XP level 6. HP: 35/53 MP: 5/5
  3652 | D:4      | Reached skill level 5 in Maces & Flails
  3792 | D:4      | Reached XP level 7. HP: 57/60 MP: 4/6
  3968 | D:4      | Reached skill level 6 in Maces & Flails
  4048 | D:4      | Reached skill level 5 in Fighting
  4048 | D:4      | Reached skill level 5 in Armour
  4160 | D:5      | Entered Level 5 of the Dungeon
  4160 | D:5      | Noticed Duvessa
  4160 | D:5      | Noticed Dowan
  4178 | D:4      | Killed Duvessa
  4188 | D:4      | Killed Dowan
  4332 | D:5      | Found a hide-covered altar of Uskayaw.
  4368 | D:5      | Noticed Menkaure
  4380 | D:5      | Killed Menkaure
  4500 | D:5      | Reached skill level 7 in Maces & Flails
  4562 | D:5      | Reached XP level 8. HP: 36/69 MP: 5/7
  4891 | D:5      | Reached skill level 8 in Maces & Flails
  5241 | D:5      | Found a shattered altar of Ashenzari.
  5244 | D:5      | Found a snail-covered altar of Cheibriados.
  5293 | D:5      | Found a glowing golden altar of the Shining One.
  5327 | D:5      | Found an ancient bone altar of Kikubaaqudgha.
  5332 | D:5      | Found a snail-covered altar of Cheibriados.
  5421 | D:5      | Found a burning altar of Makhleb.
  5536 | D:6      | Found a sparkling altar of Nemelex Xobeh.
  5801 | D:6      | Found a sparkling altar of Nemelex Xobeh.
  6048 | D:6      | Found a sacrificial altar of Ru.
  6140 | D:6      | Found a hazy altar of Hepliaklqana.
  6353 | D:7      | Reached XP level 9. HP: 75/75 MP: 8/8
  6374 | D:7      | Reached skill level 9 in Maces & Flails
  6536 | D:7      | Identified the +7 short sword "With Two Names" {vorpal, rF+
                  | rC+ MR- Int+7}
  6552 | D:7      | Found a transporter.
  6602 | D:7      | Found a transporter.
  6607 | D:7      | Found a bloodstained altar of Trog.
  6607 | D:7      | Noticed plantmann's ghost (novice MfGl)
  6607 | D:7      | Noticed a cyclops
  6607 | D:7      | Noticed a moth of wrath
  6662 | D:7      | Found a staircase to the Ecumenical Temple.
  6693 | Temple   | Entered the Ecumenical Temple
  6863 | Temple   | Became a worshipper of Warmaster Okawaru
  6919 | D:7      | Found an ornate altar of the Wu Jian Council.
  7090 | D:7      | Reached skill level 10 in Maces & Flails
  7583 | D:8      | Reached * piety under Okawaru
  7627 | D:8      | Reached XP level 10. HP: 24/86 MP: 5/9
  7654 | D:8      | Found a staircase to the Lair.
  8020 | D:8      | Found a flagged portal.
  8026 | Bailey   | Entered a bailey
  8032 | Bailey   | Noticed an orc knight
  8142 | Bailey   | Noticed an orc knight
  8164 | Bailey   | Demolished by an orc knight

Illustrated notes

Levels and vault maps discovered:
D:1:      onia_arrival_pyramid, layout_basic, kennysheep_minor_cross,
          minmay_rat_gold_closets
D:2:      layout_basic, nicolae_overflow_crystal_walls,
          chequers_ecumenical_altar_simple_redux, nemelex_diamond_rough_becter
D:3:      layout_loops_ring, overflow_temple_1_default,
          lightli_sewer_entry_pipes
D:4:      layout_loops_ring, lemuel_crystal_altar
D:5:      layout_rooms, eat_drink_and_be_merry_uskayaw,
          makhleb_blood_cavern_becter, overflow_temple_1_default,
          minmay_overflow_temple_star_quad, basic_altar, first_ration,
          uniq_duvessa, uniq_menkaure
D:6:      layout_loops_cross, nicolae_ru_path_of_blood,
          hangedman_feature_mirror, nemelex_xobeh_ov_fountains_minmay
D:7:      layout_rooms, kennysheep_mini, minmay_temple_entry_overgrown,
          gammafunk_ghost_wrathful_warriors, grunt_livestock
D:8:      layout_loops_corners, nicolae_overflow_hidden_temple,
          erik_lair_orcish_takeover, enter_bailey_2
Temple:   nicolae_temple_figure_zero
Bailey:   bailey_axe_4, bailey

Skill      XL: |  1  2  3  4  5  6  7  8  9 10 |
---------------+-------------------------------+-----
Fighting       | 4 5 6 7 |  7.4
Armour         | 4 5 7 9 |  9.1
Shields        | 4 5 6 7 8 9 |  9.1
Maces & Flails | 3 4 5 7 8 10 | 10.9
Dodging        | 1 2 3 |  3.5

Action                   |  1- 3 |  4- 6 |  7- 9 | 10-12 || total
-------------------------+-------+-------+-------+-------++-------
Melee: Flail             |   123 |   242 |   169 |       ||   534
       Headbutt          |    13 |    45 |    79 |    25 ||   162
       Whip              |       |       |   192 |    94 ||   286
Throw: Stone             |       |     1 |     3 |       ||     4
Invok: Heroism           |       |       |       |     1 ||     1
  Use: Scroll            |     6 |     6 |     5 |       ||    17
       Potion            |       |       |     1 |     2 ||     3
  Eat: Chunk             |     2 |     8 |     9 |     2 ||    21
       Ration            |       |       |     1 |       ||     1
Armor: Scale mail        |    50 |       |       |       ||    50
       Chain mail        |    25 |    75 |   104 |    40 ||   244
Dodge: Dodged            |    36 |    57 |    92 |    36 ||   221
Block: Kite shield       |    80 |   116 |   172 |    87 ||   455
